cohdb
Replays
Latest Replays
All Replays
Popular Replays
Top Player Replays
Match Explorer
How It Works
Community
CoH3 Stats
Reddit
Sign in to upload your games and track your stats! →
Sign in with Steam
Match 41055146
Unlisted
Match 41055146
Overview
Messages
Build Orders
End
Construct Barracks
Riflemen Squad
Riflemen Squad
Riflemen Squad
Grenade Package
Infantry Support Center
Construct Medical Station
Selects Airborne Battlegroup
Selects Pathfinders
Selects Paratrooper Squad Paradrop
M1 Mortar Team
Construct Motor Pool
M8 Greyhound Armored Car
M1918 Browning Automatic Rifles
Demolitions Package
Engineer Squad
Selects Anti-tank Gun Team Paradrop
Anti-tank Gun Team Paradrop
Construct Tank Depot
M18 Hellcat Tank Destroyer
Anti-tank Gun Team Paradrop
Doge
MinisteriumfürStaatssicherheit
CAuMOH
Asuka top soska>З
0
0
Comments
sign in to comment!
No comments posted yet!